 Dungeon Crawl Stone Soup version 0.29.1-2-gbd0b4ee654 (webtiles) character file.

Game seed: 6987912399838816994

884 gregunderscorem the Vexing (level 8, -3/46 HPs)
             Began as an Octopode Enchanter on Nov 15, 2022.
             Was a Believer of Cheibriados.
             Slain by a gnoll
             ... wielding a +0 club
             ... led by a gnoll sergeant
              (7 damage)
             ... on level 5 of the Dungeon.
             The game lasted 00:09:51 (3937 turns).

gregunderscorem the Vexing (Octopode Enchanter)     Turns: 3937, Time: 00:09:52

Health: -3/46      AC:  1    Str: 12    XL:     8   Next: 5%
Magic:  1/11       EV: 15    Int: 25    God:    Cheibriados [**....]
Gold:   204        SH:  0    Dex: 17    Spells: 2/11 levels left

rFire   . . .      SeeInvis +   m - +4 short sword
rCold   . . .      Faith    .   (no shield)
rNeg    . . .      Spirit   .   (helmet restricted)
rPois   .          Reflect  .   g - amulet of regeneration
rElec   .          Harm     .   k - ring of see invisible
rCorr   .          Rampage  .   (no ring)
Will    .....                   (no ring)
Stlth   ++++......              (no ring)
HPRegen 0.95/turn               (no ring)
MPRegen 0.12/turn               (no ring)
                                (no ring)
                                (no ring)

@: invisible, very slow
A: almost no armour, amphibious, 8 rings, camouflage 1, gelatinous body 1,
(nimble swimmer 1), tentacles
a: Renounce Religion, Bend Time


You were on level 5 of the Dungeon.
You worshipped Cheibriados.
Cheibriados was pleased with you.
You visited 1 branch of the dungeon, and saw 5 of its levels.

You collected 204 gold pieces.

Inventory:

Hand Weapons
 a - a +1 dagger
 f - a +0 short sword of draining
 m - a +4 short sword (weapon)
 n - the +6 shillelagh "Devastator" {shatter}
   (You found it on level 2 of the Dungeon)

   It releases a powerful concussive burst when it strikes, dealing extra damage
   to the target and all other foes adjacent to them.
Jewellery
 g - an amulet of regeneration (around mantle)
 k - a ring of see invisible (left tentacle)
 q - a +6 ring of dexterity
Scrolls
 c - 3 scrolls of teleportation
 e - 2 scrolls of poison
 i - a scroll of noise {unknown}
 o - a scroll of fear {unknown}
 p - 4 scrolls of amnesia
 r - a scroll of summoning
 s - a scroll of enchant armour {unknown}
 t - a scroll of enchant weapon {unknown}
 u - a scroll of identify
Potions
 b - a potion of invisibility
 d - 2 potions of brilliance {unknown}
 h - 2 potions of lignification {unknown}
 j - 3 potions of curing
 l - 3 potions of heal wounds {unknown}


   Skills:
 + Level 4.1 Short Blades
 + Level 4.5 Dodging
 - Level 4.3 Stealth
 - Level 2.0 Spellcasting
 - Level 5.0 Hexes
 - Level 4.8 Ice Magic


You had 2 spell levels left.
You knew the following spells:

 Your Spells              Type           Power      Damage    Failure   Level
a - Ensorcelled Hibernat  Hex/Ice        54%        N/A       2%          2
b - Tukima's Dance        Hex            27%        N/A       4%          3
c - Confusing Touch       Hex            27%        N/A       4%          3
d - Apportation           Tloc           4%         N/A       11%         1

Your spell library contained the following spells:

 Spells                   Type           Power      Damage    Failure   Level
 Necrotise                Necr           8%         1d4       11%         1
 Sandblast                Erth           4%         2d4       11%         1
 Summon Small Mammal      Summ           8%         N/A       11%         1
 Passwall                 Tmut/Erth      1%         N/A       17%         2
 Dazzling Flash           Conj/Hex       30%        N/A       12%         3
 Stone Arrow              Conj/Erth      4%         3d7       32%         3
 Olgreb's Toxic Radiance  Pois           2%         N/A       73%         4
 Ozocubu's Refrigeration  Ice            13%        4d10      100%        7
 Ignition                 Fire           1%         3d3       100%        8


Dungeon Overview and Level Annotations

Branches:
Dungeon (5/15)             Temple (0/1) D:5

Altars:
Ashenzari
Cheibriados
Qazlal
Uskayaw

Shops:
D:2 *


Innate Abilities, Weirdness & Mutations

You cannot wear most types of armour.
You are amphibious.
You can wear up to eight rings at the same time.
Your skin changes colour to match your surroundings (Stealth+).
Your rubbery body absorbs attacks. (AC +1, EV +1)
((You are camouflaged when in or above water. (Stealth+)))
You have tentacles for arms and can constrict up to eight enemies at once.


Message History

Press: ? - help, Shift-Dir - straight line, f/p - gnoll
Aim: a gnoll, wielding a +0 club (chance to affect: 67%)
The gnoll looks drowsy...
The gnoll shouts!
The helpless gnoll fails to defend itself.
You puncture the gnoll!
You kill the gnoll!
Cheibriados appreciates the change of pace.
The gnoll sergeant hits you from afar with a +2 trident of flaming.
The gnoll sergeant burns you.
Casting: Ensorcelled Hibernation (safe; 2% risk of failure)
Confirm with . or Enter, or press ? or * to list all spells.
Aiming: Ensorcelled Hibernation (safe; 2% risk of failure)
Press: ? - help, Shift-Dir - straight line, f - gnoll sergeant
Aim: a gnoll sergeant, wielding a +2 trident of flaming and wearing a +0 scale mail (chance to affect: 58%)
The gnoll sergeant resists with significant effort.
The gnoll sergeant closely misses you.
Casting: Ensorcelled Hibernation (safe; 2% risk of failure)
Confirm with . or Enter, or press ? or * to list all spells.
Aiming: Ensorcelled Hibernation (safe; 2% risk of failure)
Press: ? - help, Shift-Dir - straight line, f/p - gnoll sergeant
Aim: a gnoll sergeant, wielding a +2 trident of flaming and wearing a +0 scale mail (chance to affect: 58%)
The gnoll sergeant resists with significant effort.
The gnoll sergeant closely misses you.
The gnoll sergeant hits you with a +2 trident of flaming!
The gnoll sergeant burns you!
The gnoll hits you from afar with a +0 spear!
* * * LOW HITPOINT WARNING * * *
You hit the gnoll sergeant. Your grab misses the gnoll sergeant.
The gnoll sergeant is lightly wounded.
The gnoll sergeant hits you with a +2 trident of flaming.
* * * LOW HITPOINT WARNING * * *
The gnoll sergeant burns you.
* * * LOW HITPOINT WARNING * * *
The gnoll closely misses you.
You fade into invisibility!
The gnoll hits you from afar with a +0 spear.
* * * LOW HITPOINT WARNING * * *
The gnoll sergeant misses you. The gnoll hits you with a +0 club!
You die...

... # # #.# . .# #.#.##.##
#.#...... ################
#.#..#...
#..............###........
#..........g##...#........
###
#...........@gg...........
..#
#...........##.#.#.#....##
#.#
#......)....####.#........
#.# #.....).....#
#.######... ..#
#...........# ... ..
..#######.##...## ... #
#..............# #...#
#########........ #...#
.......................


You could see a gnoll sergeant (unable to see you) and 2 gnolls.

Vanquished Creatures
  Sigmund (D:2)
  A water moccasin (D:5)
  An ogre (D:4)
  A gnoll sergeant (D:5)
  Blork the orc (D:5)
  2 jellies
  A hound (D:4)
  Crazy Yiuf (D:2)
  An iguana (D:5)
  Natasha (twice) (D:3)
  Robin (D:2)
  2 gnolls (D:5)
  9 adders
  An ufetubus (D:5)
  4 worms
  A dart slug (D:4)
  3 orcs
  11 ball pythons
  10 bats
  4 endoplasms
  3 giant cockroaches
  8 goblins
  8 hobgoblins
  5 quokkas
  8 frilled lizards
  10 kobolds
  3 rats
103 creatures vanquished.

Vanquished Creatures (others)
  3 fungi (D:2)
  12 plants (D:5)
15 creatures vanquished.

Grand Total: 118 creatures vanquished

Notes
Turn   | Place    | Note
-------+----------+-------------------------------------------
     0 | D:1      | gregunderscorem the Octopode Enchanter began the quest for
                  | the Orb.
     0 | D:1      | Reached XP level 1. HP: 11/11 MP: 3/3
   215 | D:1      | Reached XP level 2. HP: 17/17 MP: 5/5
   218 | D:1      | Learned a level 2 spell: Ensorcelled Hibernation
   277 | D:1      | Found a faded altar of an unknown god.
   750 | D:2      | Found Forekopt's Assorted Antiques.
   836 | D:2      | Reached skill level 1 in Ice Magic
   836 | D:2      | Reached XP level 3. HP: 17/21 MP: 6/6
  1003 | D:2      | Noticed Sigmund
  1009 | D:2      | Killed Sigmund
  1010 | D:2      | Reached skill level 4 in Hexes
  1010 | D:2      | Reached XP level 4. HP: 23/27 MP: 7/7
  1010 | D:2      | Reached XP level 5. HP: 27/31 MP: 8/8
  1066 | D:2      | Noticed Robin
  1077 | D:2      | Killed Robin
  1227 | D:2      | Reached XP level 6. HP: 34/36 MP: 9/9
  1255 | D:2      | Learned a level 3 spell: Tukima's Dance
  1259 | D:2      | Learned a level 3 spell: Confusing Touch
  1463 | D:2      | Found a broken altar of Ashenzari.
  1472 | D:2      | You fall into a shaft and drop 1 floor!
  1612 | D:3      | Found a snail-covered altar of Cheibriados.
  1620 | D:3      | Became a worshipper of Cheibriados the Contemplative
  1680 | D:3      | Noticed Natasha
  1683 | D:3      | Killed Natasha
  1684 | D:3      | Reached skill level 5 in Hexes
  2011 | D:2      | Found a runed translucent door.
  2011 | D:2      | Found the +6 shillelagh "Devastator" {shatter}
  2012 | D:2      | Noticed Crazy Yiuf
  2021 | D:2      | Killed Crazy Yiuf
  2239 | D:3      | Found a hide-covered altar of Uskayaw.
  2243 | D:3      | Reached * piety under Cheibriados
  2368 | D:3      | Noticed Natasha
  2390 | D:3      | Killed Natasha
  3049 | D:4      | Learned a level 1 spell: Apportation
  3134 | D:4      | Reached XP level 7. HP: 38/41 MP: 10/10
  3229 | D:4      | Reached ** piety under Cheibriados
  3518 | D:5      | Entered Level 5 of the Dungeon
  3667 | D:5      | Found a stormy altar of Qazlal.
  3742 | D:5      | Found a staircase to the Ecumenical Temple.
  3866 | D:5      | Noticed Blork the orc
  3880 | D:5      | Killed Blork the orc
  3886 | D:5      | Reached XP level 8. HP: 24/46 MP: 8/11
  3937 | D:5      | Slain by a gnoll

Illustrated notes

Levels and vault maps discovered:
D:1:      dpeg_arrival_lava_temple_mockup, layout_loops_ring,
          hellmonk_ecumenical_altar_arch_garden
D:2:      layout_loops_corners, serial_shops, nicolae_shop_hallway_plus,
          basic_altar, roderic_roman_lattice, uniq_sigmund,
          uniq_crazy_yiuf_cottage, uniq_robin
D:3:      layout_loops_ring, mainiacjoe_overflow_surrounded_room,
          cheibriados_altar_1, serial_co_window_serial, co_window_paths_b,
          co_window_of_opportunity_a, co_window_corner_a, co_window_paths_a,
          co_window_paths_b, co_window_paths_b, co_window_2corner,
          co_window_paths_c, co_window_2corner, co_window_corner_b,
          co_window_of_opportunity_b, co_window_unsneaky_path_a,
          minmay_misc_feat_plants, uniq_natasha
D:4:      layout_gridville
D:5:      layout_basic, lightli_temple_of_fire,
          nicolae_qazlal_general_emergency,
          minmay_temple_entry_statues_fountains, nicolae_grassy_gnolls,
          uniq_blork_the_orc

Skill      XL: |  1  2  3  4  5  6  7 |
---------------+----------------------+-----
Ice Magic      | 1 3 4 |  4.8
Hexes          | 4 5 |  5.0
Short Blades   | 2 4 |  4.1
Dodging        | 3 4 |  4.5
Stealth        | |  4.3
Spellcasting   | |  2.0

Action                   |  1- 3 |  4- 6 |  7- 9 || total
-------------------------+-------+-------+-------++-------
Melee: Dagger            |    43 |       |       ||    43
       Constrict         |    11 |    27 |    11 ||    49
       Tentacles         |     9 |    22 |    11 ||    42
       Punch             |     1 |       |       ||     1
       Short sword       |    11 |   121 |    57 ||   189
       Shillelagh        |       |     4 |       ||     4
 Cast: Ensorcelled Hiber |     1 |       |     7 ||     8
  Use: Scroll            |     2 |     4 |       ||     6
       Potion            |       |     1 |     2 ||     3
 Stab: Sleeping          |    15 |    14 |     7 ||    36
       Invisible         |       |     3 |       ||     3
Armor: Skin              |     6 |    15 |     2 ||    23
Dodge: Dodged            |    21 |    69 |    40 ||   130
